 Dungeon Crawl Stone Soup version 0.29-a0-344-ge2f44be95a (webtiles) character file.

Game seed: 1113315721218942281

93 spaghetti the Magician (level 4, -2/30 HPs)
             Began as a Barachi Earth Elementalist on Apr 22, 2022.
             Slain by Natasha (6 damage)
             ... on level 2 of the Dungeon.
             The game lasted 00:03:20 (2119 turns).

spaghetti the Magician (Barachi Earth Elementalist) Turns: 2119, Time: 00:03:20

Health: -2/30      AC:  2    Str: 10    XL:     4   Next: 61%
Magic:  10/10      EV: 12    Int: 17    God:
Gold:   72         SH:  0    Dex: 17    Spells: 5/11 levels left

rFire   . . .      SeeInvis .   l - +9 rapier "Leatenn" {flame, rC+ Dex+5, short}
rCold   + . .      Faith    .   (no shield)
rNeg    . . .      Spirit   .   b - +0 robe
rPois   .          Reflect  .   (no helmet)
rElec   .          Harm     .   (no cloak)
rCorr   .          Rampage  .   (no gloves)
Will    .....                   (no boots)
Stlth   ++........              (no amulet)
HPRegen 0.10/turn               f - ring of wizardry
MPRegen 0.12/turn               (no ring)

@: unable to hop, slow
A: amphibious, slowness 1, strong legs 1, +LOS
a: Hop


You were on level 2 of the Dungeon.
You visited 1 branch of the dungeon, and saw 2 of its levels.

You collected 72 gold pieces.


Innate Abilities, Weirdness & Mutations

You are amphibious.
You cover ground slowly.
You can hop short distances.
You have an extended range of vision and can be seen from far away.


   Skills:
 - Level 2.1 Dodging
 - Level 1.7 Stealth
 * Level 4.0 Spellcasting
 - Level 1.1 Transmutations
 + Level 4.0 Earth Magic


You had 5 spell levels left.
You knew the following spells:

 Your Spells              Type           Power      Damage    Failure   Level
a - Sandblast             Erth           34%        2d9       1%          1
b - Stone Arrow           Conj/Erth      20%        3d8       9%          3
c - Passwall              Tmut/Erth      10%        N/A       3%          2

Your spell library contained the following spells:

 Spells                   Type           Power      Damage    Failure   Level
 Petrify                  Tmut/Erth      12%        N/A       22%         4

Inventory:

Hand Weapons
 d - a +0 club {mace}
   (You took it off a kobold on level 1 of the Dungeon)
 g - a +0 dagger {short}
   (You found it on level 1 of the Dungeon)
 l - the +9 rapier "Leatenn" (weapon) {flame, rC+ Dex+5, short}
   (You found it on level 2 of the Dungeon)

   It burns those it strikes, dealing additional fire damage.
   Dex:       It affects your dexterity (+5).
   rC:        It protects you from cold.
Missiles
 a - 60 stones (quivered) {throwing}
Armour
 b - a +0 robe (worn)
Jewellery
 f - a ring of wizardry (left hand)
   (You found it on level 1 of the Dungeon)
Scrolls
 c - 3 scrolls of identify {unknown}
 i - 2 scrolls of fog {unknown}
 k - 3 scrolls of teleportation {unknown}
Potions
 e - a potion of lignification {!q}
 h - a potion of curing {@q1}
 m - a potion of attraction {unknown}

Dungeon Overview and Level Annotations

Branches:
Dungeon (2/15)

Altars:

Annotations:
D:2 Natasha

#. #.......##.### #.
#.......##.#..
#..#..(.##.##.###
.....(..........#
######(.....##..##
######...######.##
#####.5....##.# #.#.#P
#$....5....##.###.###.
#####@h5...##.#..P..P.
######.##.########
########.##.........
............########
#########.#.#P.P...P
#########...########
..........###
........รท..#### ####
.........#.##.###...


You could see an iron imp (summoned), Natasha (strong) and 2 white imps.


Message History

You puncture the adder! You burn the adder.
You kill the adder!
Your Spellcasting skill increases to level 4!
Your Earth Magic skill increases to level 4!
Key pressed, stopping explore.
Key pressed, stopping explore.
Unknown command. ๐Ÿ˜• HP[+7] MP[+1]
You regained 7 hp, and now have 29/30 hp.
Your mp is fully restored (10).
Unknown command.
a - 61 stones {throwing} (gained 1)
You see here an adder corpse. ๐Ÿ˜Ž HP[+1]
Your hp is fully restored (30).
a - 62 stones {throwing} (gained 1)
Found a stone staircase leading up.
a - 63 stones {throwing} (gained 1);
m - a fizzy coppery potion
a - 64 stones {throwing} (gained 1) Key pressed, stopping explore.
k - 3 scrolls labelled IPPAUNTUGITS (gained 1)
a - 65 stones {throwing} (gained 1)
c - 3 scrolls labelled COEPEPUNNU (gained 1) Key pressed, stopping explore.
Natasha, Servant of Life and Death comes into view.
Natasha hisses angrily.
Throw: 65 stones {throwing}
Press: ? - help, Q - select action, (/) - cycle Shift-Dir - straight line, f - Natasha
Aim: Natasha (51% to hit)
You throw a stone {throwing}.
The stone {throwing} hits Natasha but does no damage.
Throw: 64 stones {throwing}
Press: ? - help, Q - select action, (/) - cycle Shift-Dir - straight line, f/p - Natasha
Aim: Natasha (51% to hit)
You throw a stone {throwing}.
The stone {throwing} hits Natasha but does no damage.
Natasha mumbles some strange words.
Throw: 63 stones {throwing}
Press: ? - help, Q - select action, (/) - cycle Shift-Dir - straight line, f/p - Natasha
Aim: Natasha (51% to hit)
You throw a stone {throwing}.
The stone {throwing} barely misses Natasha.
The white imp gestures at you. The puff of frost hits you. You resist.
Natasha casts a spell at you.
You feel yourself slow down. ๐Ÿ˜• HP[-4]
You take 4 damage, and now have 26/30 hp.
Throw: 62 stones {throwing}
Press: ? - help, Q - select action, (/) - cycle Shift-Dir - straight line, f/p - Natasha
Aim: Natasha (51% to hit)
You throw a stone {throwing}.
The stone {throwing} hits Natasha but does no damage.
Natasha claws you! ๐Ÿ˜ฎ HP[-7]
You take 7 damage, and now have 19/30 hp.
MASSIVE DAMAGE!! (PAUSE) Unknown command.
Unknown command.
You miss Natasha. Your punch misses Natasha.
Natasha stares at you and mumbles some strange words.
The magic dart hits you.
* * * LOW HITPOINT WARNING * * *
๐Ÿ˜จ HP[-4]
You take 4 damage, and now have 15/30 hp.
Unknown command.
Unknown command.
Hop to where?
Press: ? - help, Dir - move target, p - Natasha Boing!
It was a potion of cancellation.
Your magical effects are unravelling.
You feel magically purged.
You feel yourself speed up.
Natasha casts a spell.
Okay, then.
Throw: 61 stones {throwing}
Press: ? - help, Q - select action, (/) - cycle Shift-Dir - straight line, f - white imp
Aim: a white imp (summoned, 59% to hit)
You throw a stone {throwing}. The stone {throwing} hits Natasha.
You barely miss Natasha.
Natasha casts a spell.
The iron imp closely misses you.
You barely miss Natasha.
Natasha stares at you and mumbles some strange words.
The magic dart hits you!
* * * LOW HITPOINT WARNING * * *
The iron imp sputters.
The iron imp hits you.
* * * LOW HITPOINT WARNING * * *
Natasha drinks a potion.
Natasha seems to grow stronger. ๐Ÿ˜ฑ HP[-13]
You take 13 damage, and now have 2/30 hp.
MASSIVE DAMAGE!! (PAUSE)
Okay, then.
It was a potion of curing.
You feel better. The iron imp hits you!
* * * LOW HITPOINT WARNING * * *
Natasha claws you.
You die...

Skill      XL: |  1  2  3  4 |
---------------+-------------+-----
Spellcasting   | 3 4 |  4.0
Earth Magic    | 4 |  4.0
Dodging        | |  2.1
Stealth        | |  1.7
Transmutations | |  1.1

Action                   |  1- 3 |  4- 6 || total
-------------------------+-------+-------++-------
Melee: Club              |    15 |       ||    15
       Rapier            |     6 |     6 ||    12
Throw: Stone             |     5 |     9 ||    14
 Cast: Sandblast         |    52 |       ||    52
 Abil: Hop               |     1 |     1 ||     2
  Use: Potion            |     2 |     2 ||     4
Armor: Skin              |    15 |       ||    15
       Robe              |     6 |       ||     6
Dodge: Dodged            |    25 |     3 ||    28

Levels and vault maps discovered:
D:1:      dpeg_arrival_castle, layout_loops_corners, roderic_serpentine_path,
          minmay_3d_cube
D:2:      layout_basic, serial_aquarium, aquarium_bridge_straight
          [aquarium_subvault_bridge, aquarium_subvault_wall,
          aquarium_subvault_bridge, aquarium_subvault_wall],
          aquarium_bridge_straight [aquarium_subvault_bridge,
          aquarium_subvault_wall, aquarium_subvault_bridge,
          aquarium_subvault_balcony], aquarium_window_fake, aquarium_window_1,
          aquarium_window_corridor_3, aquarium_view_2c, aquarium_pool_1,
          chequers_jeans, uniq_natasha

Notes
Turn   | Place    | Note
-------+----------+-------------------------------------------
     0 | D:1      | spaghetti the Barachi Earth Elementalist began the quest
                  | for the Orb.
     0 | D:1      | Reached XP level 1. HP: 13/13 MP: 3/3
     0 | D:1      | magus.rc [v1.9.6]
   411 | D:1      | HP: 3/13 [goblin/+0 dagger (1)]
   419 | D:1      | Reached XP level 2. HP: 9/19 MP: 0/5
  1558 | D:2      | Reached skill level 3 in Spellcasting
  1558 | D:2      | Reached XP level 3. HP: 24/24 MP: 1/7
  1781 | D:2      | Learned a level 3 spell: Stone Arrow
  1825 | D:2      | Learned a level 2 spell: Passwall
  1859 | D:2      | Identified the +9 rapier "Leatenn" {flame, rC+ Dex+5}
  1967 | D:2      | Noticed Natasha
  1969 | D:2      | Reached XP level 4. HP: 25/30 MP: 9/9
  1972 | D:2      | Killed Natasha
  1979 | D:2      | Reached skill level 4 in Spellcasting
  1979 | D:2      | Reached skill level 4 in Earth Magic
  2107 | D:2      | Noticed Natasha
  2118 | D:2      | HP: 6/30 [Natasha/magic dart (10)]
  2118 | D:2      | HP: 2/30 [iron imp[Natasha] (4)]
  2119 | D:2      | Slain by Natasha

Vanquished Creatures
  Natasha (D:2)
  3 adders (D:2)
  2 worms (D:2)
  5 ball pythons
  6 endoplasms
  3 goblins
  A hobgoblin (D:2)
  A jackal (D:1)
  5 kobolds
  A quokka (D:2)
  7 bats
  A frilled lizard (D:2)
  A rat (D:1)
37 creatures vanquished.

Table legend:
 A = Non-vault XP
 B = Vault XP
 C = Vault XP percentage of total XP
 D = Non-vault monster count
 E = Vault monster count
 F = Vault count percentage of total count
                 A         B        C        D         E       F
            +---------+---------+-------+---------+---------+-------
      Total |      91 |      42 |  31.6 |      31 |       6 |  16.2
            +---------+---------+-------+---------+---------+-------
        D:1 |      21 |       9 |  30.0 |      14 |       5 |  26.3
        D:2 |      70 |      33 |  32.0 |      17 |       1 |   5.6
            +---------+---------+-------+---------+---------+-------

Illustrated notes

Table legend:
 A = Kills in this place as a percentage of kills in entire the game.
 B = Kills by you in this place as a percentage of kills by you in the entire game.
 C = Kills by friends in this place as a percentage of kills by friends in the entire game.
 D = Other kills in this place as a percentage of other kills in the entire game.
 E = Experience gained in this place as a percentage of experience gained in the entire game.
 F = Experience gained in this place divided by the number of levels of this place that you have seen.
                   A       B       C       D       E      F
               +-------+-------+-------+-------+-------+----------------------
         Total | 100.0 | 100.0 |   N/A |   N/A | 100.0 |  66.5
       Dungeon | 100.0 | 100.0 |   N/A |   N/A | 100.0 |  66.5
               +-------+-------+-------+-------+-------+----------------------

Table legend: (Time is in decaauts)
 A = Elapsed time spent in this place.
 B = Non-inter-level travel time spent in this place.
 C = Inter-level travel time spent in this place.
 D = Time resting spent in this place.
 E = Time spent auto-exploring this place.
 F = Levels seen in this place.
 G = Mean time per level.
                   A        B        C        D        E       F      G
               +--------+--------+--------+--------+--------+-----+--------+
         Total |   2364 |   2351 |     13 |     65 |   2034 |   2 | 1182.0 |
       Dungeon |   2364 |   2351 |     13 |     65 |   2034 |   2 | 1182.0 |
               +--------+--------+--------+--------+--------+-----+--------+

Top non-repeatable levels by time:
     D:1: 1622 daAuts
     D:2: 741 daAuts
